 Dungeon Crawl Stone Soup version 0.29.1-1-gd02db6906a (webtiles) character file.

Game seed: 6450549995972165197

9 Earthwalker the Shield-Bearer (level 2, -1/27 HPs)
             Began as a Minotaur Fighter on Oct 8, 2022.
             Slain by Sigmund
             ... wielding a +0 scythe
              (3 damage)
             ... on level 2 of the Dungeon.
             The game lasted 00:01:42 (435 turns).

Earthwalker the Shield-Bearer (Minotaur Fighter)     Turns: 435, Time: 00:01:43

Health: -1/27      AC:  7    Str: 20    XL:     2   Next: 6%
Magic:  1/1        EV: 13    Int:  5    God:
Gold:   40         SH:  0    Dex:  9    Spells: 1/1 levels left

rFire   . . .      SeeInvis .   a - +0 trident
rCold   . . .      Faith    .   c - +0 buckler
rNeg    . . .      Spirit   .   b - +0 scale mail
rPois   .          Reflect  .   (helmet restricted)
rElec   .          Harm     .   (no cloak)
rCorr   .          Rampage  .   (no gloves)
Will    .....                   (no boots)
Stlth   ..........              (no amulet)
HPRegen 0.09/turn               f - +4 ring of evasion
MPRegen 0.07/turn               (no ring)

@: confused
A: horns 2, retaliatory headbutt
a: no special abilities


You were on level 2 of the Dungeon.
You visited 1 branch of the dungeon, and saw 2 of its levels.

You collected 40 gold pieces.

Inventory:

Hand Weapons
 a - a +0 trident (weapon)
Armour
 b - a +0 scale mail (worn)
 c - a +0 buckler (worn)
Jewellery
 f - a +4 ring of evasion (left hand)
Scrolls
 e - a scroll of noise {unknown}
 g - a scroll of identify {unknown}
 h - a scroll of brand weapon {unknown}
 j - a scroll of teleportation {unknown}
Potions
 d - a potion of might
 i - 2 potions of curing {unknown}


   Skills:
 * Level 3.7 Fighting
 * Level 2.4 Polearms
 * Level 0.1 Throwing
 * Level 3.7 Armour
 * Level 0.3 Dodging
 * Level 3.9 Shields


You had one spell level left.
You didn't know any spells.
Your spell library was empty.

Dungeon Overview and Level Annotations

Branches:
Dungeon (2/15)

Altars:

Annotations:
D:2 Sigmund


Innate Abilities, Weirdness & Mutations

You have a pair of horns on your head.
You reflexively headbutt those who attack you in melee.


Message History

You hit Sigmund.
Sigmund is moderately wounded.
Sigmund casts a spell.
Sigmund flickers and vanishes!
Deactivating autopickup; reactivate with Ctrl-A.
You miss something. You headbutt something!
Something hits you but does no damage.
A goblin comes into view. It is wielding a +0 club.
You barely miss something. You miss something. Your headbutt misses something.
Something hits you!
You hit something. Something barely misses you.
You barely miss something. You block the goblin's attack.
You miss something.
You hear some strange, mumbled words.
Something tries to affect you, but you resist.
The goblin barely misses you. You furiously retaliate!
You headbutt the goblin!
You kill the goblin!
Something barely misses you.
You barely miss something. You miss something.
Something hits you but does no damage.
You puncture something!
You hear some strange, mumbled words.
You are confused.
You closely miss something. Something hits you but does no damage.
Something hits you! Something hits you.
* * * LOW HITPOINT WARNING * * *
You barely miss something. You barely miss something.
Your headbutt misses something. Something hits you.
* * * LOW HITPOINT WARNING * * *
You miss something. Your headbutt misses something.
You feel less confused. Something hits you.
* * * LOW HITPOINT WARNING * * *
You closely miss something. You block something's attack.
You miss something. Your headbutt misses something.
You hear some strange, mumbled words.
You are confused.
You miss something. Your headbutt misses something. Something hits you.
You die...

####### #...{.#
.##..)<@##.#...
#..............
#.>..........##
...#.....###..#
## ###.### .#
#. # #[ #.


There were no monsters in sight!

Vanquished Creatures
  A ball python (D:1)
  A goblin (D:2)
  2 hobgoblins (D:1)
  A jackal (D:1)
  A kobold (D:1)
  A frilled lizard (D:1)
  A rat (D:1)
8 creatures vanquished.

Notes
Turn   | Place    | Note
-------+----------+-------------------------------------------
     0 | D:1      | Earthwalker the Minotaur Fighter began the quest for the
                  | Orb.
     0 | D:1      | Reached XP level 1. HP: 19/19 MP: 0/0
   411 | D:1      | Reached XP level 2. HP: 27/27 MP: 1/1
   416 | D:2      | Noticed Sigmund
   435 | D:2      | Slain by Sigmund

Illustrated notes

Levels and vault maps discovered:
D:1:      onia_arrival_pyramid, layout_loops_ring
D:2:      layout_loops_ring, basic_ecumenical_altar, minmay_tripent,
          uniq_sigmund

Action                   || total
-------------------------++-------
Melee: Trident           ||    35
       Headbutt          ||     2
Armor: Scale mail        ||     7
Dodge: Dodged            ||    13
Block: Buckler           ||     4
